 Dungeon Crawl Stone Soup version 0.26.0-15-gc6cd9f7 (webtiles) character file.

Game seed: 12393943341686642772

3944 MercyWheel the Shield-Bearer (level 10, -3/63 HPs)
             Began as an Octopode Wanderer on Jan 24, 2021.
             Was an Initiate of Gozag.
             Slain by a bullfrog (4 damage)
             ... on level 8 of the Dungeon.
             The game lasted 00:22:58 (9546 turns).

MercyWheel the Shield-Bearer (Octopode Wanderer)    Turns: 9546, Time: 00:22:59

Health: -3/63      AC:  1    Str: 10    XL:     10   Next: 21%
Magic:  7/16       EV: 14    Int: 18    God:    Gozag
Gold:   1222       SH:  9    Dex: 13    Spells: 10/17 levels left

rFire    . . .     SeeInvis .   a - +3 dagger (elec)
rCold    . . .     Faith    .   d - +0 kite shield
rNeg     . . .     Spirit   .   (helmet restricted)
rPois    .         Reflect  .   (no amulet)
rElec    .         Harm     .   (no ring)
rCorr    .         Rampage  .   (no ring)
Will     .....                  (no ring)
Stlth    ++++......             (no ring)
HPRegen  0.20/turn              (no ring)
MPRegen  0.15/turn              (no ring)
                                (no ring)
                                (no ring)

@: very slightly contaminated, slowed, invisible, very slow
A: almost no armour, stealthy swim, amphibious, 8 rings, constrict 8, camouflage
1, gelatinous body 1
a: Renounce Religion, Potion Petition, Call Merchant, Bribe Branch


You were on level 8 of the Dungeon.
You worshipped Gozag.
Gozag was most pleased with you.
You visited 1 branch of the dungeon, and saw 8 of its levels.

You collected 1266 gold pieces.
You paid 44 gold pieces to Gozag.

Inventory:

Hand Weapons
 a - a +3 dagger of electrocution (weapon)
 c - the +2 whip "Hilyuts" {vorpal, rF+ Will+}
   (You found it on level 8 of the Dungeon)

   It inflicts extra damage upon your enemies.
   It protects you from fire.
   It affects your willpower, your defense against some magical effects.
Missiles
 s - 3 atropa-tipped darts (quivered)
Armour
 d - a +0 kite shield (worn)
Jewellery
 h - an uncursed ring of fire
 l - an uncursed ring of magical power
Wands
 p - a wand of acid (2)
 t - a wand of digging (3)
 u - a wand of flame (30)
Scrolls
 e - 5 scrolls of identify
 f - 3 scrolls of remove curse
 i - a scroll of enchant weapon
 k - a scroll of enchant armour {unknown}
 m - a scroll of immolation
 q - a scroll of teleportation
Potions
 b - 4 potions of brilliance
 g - a potion of might
 j - a potion of mutation
 r - 2 potions of haste


   Skills:
 - Level 3.3 Fighting
 - Level 5.3 Short Blades
 - Level 1.0 Maces & Flails
 - Level 6.0 Dodging
 - Level 5.1 Stealth
 - Level 6.5 Shields
 - Level 4.0 Spellcasting
 * Level 5.1 Hexes
 - Level 4.0 Ice Magic
 - Level 2.0 Earth Magic
 - Level 1.2 Poison Magic
 - Level 4.0 Evocations


You had 10 spell levels left.
You knew the following spells:

 Your Spells              Type           Power        Failure   Level
a - Ozocubu's Armour      Ice            18%          24%         3
b - Cause Fear            Hex            10%          47%         4

Your spell library contained the following spells:

 Spells                   Type           Power        Failure   Level
 Corona                   Hex            23%          5%          1
 Freeze                   Ice            72%          9%          1
 Slow                     Hex            21%          9%          2
 Sandblast                Erth           20%          19%         1
 Shock                    Conj/Air       12%          41%         1
 Passwall                 Tmut/Erth      5%           41%         2
 Inner Flame              Hex/Fire       12%          43%         3
 Portal Projectile        Hex/Tloc       24%          43%         3
 Swiftness                Air            3%           54%         2
 Stone Arrow              Conj/Erth      14%          65%         3
 Leda's Liquefaction      Hex/Erth       8%           71%         4
 Static Discharge         Conj/Air       3%           78%         3
 Petrify                  Tmut/Erth      7%           96%         4
 Airstrike                Air            1%           99%         4
 Lee's Rapid Deconstruct  Erth           5%           99%         5
 Lightning Bolt           Conj/Air       1%           100%        5


Dungeon Overview and Level Annotations

Branches:
Dungeon (8/15)             Temple (0/1) D:5
   Lair: D:8-11

Altars:
Dithmenos
Elyvilon
Gozag
Kikubaaqudgha
Okawaru
Xom

Shops:
D:7 !*   D:8 *

Annotations:
D:1 exclusion: downstairs
D:3 exclusion: downstairs
D:4 exclusion: upstairs
D:6 exclusion: oklob plant


Innate Abilities, Weirdness & Mutations

You cannot wear most types of armour.
You are very stealthy in the water. (Stealth+)
You are amphibious.
You can wear up to eight rings at the same time.
You can use your tentacles to constrict eight enemies at once.
Your skin changes colour to match your surroundings (Stealth+).
Your rubbery body absorbs attacks. (AC +1, EV +1)


Message History

You miscast Cause Fear.
Nothing appears to happen.
The bullfrog hits you! The bullfrog hits you.
* * * LOW HITPOINT WARNING * * *
Unknown command.
Unknown command.
You fade into invisibility!
The bullfrog closely misses you. The bullfrog hits you.
* * * LOW HITPOINT WARNING * * *
You closely miss the bullfrog. Your grab misses the bullfrog.
You block the bullfrog's attack. The bullfrog hits you.
* * * LOW HITPOINT WARNING * * *
Okay, then.
Unknown command.
You barely miss the bullfrog. You grab the bullfrog. You squeeze the bullfrog.
The bullfrog is lightly wounded.
You constrict the bullfrog. The bullfrog hits you.
* * * LOW HITPOINT WARNING * * *
The bullfrog hits you.
You die...
Your body crumbles into a pile of gold.

# #
#################################
.................................
################################.
###.)......................#.....
............F...ss..>...##.#.####
###.######.F.###F#....#.........#
# #.# #.s.###@##.#.#....#.##.#
###.# #.s.#..(.......####.##.#
..))# #...#......#.##.#...##.#
....# #...#......#....#.####.#
....# #...#....[.####.#.# #.#
....# #...#...F....<#.#∩# #.#
....# #...#.).).......#.# #.#
....# #...#....########.# #.#
##..# ##...#.............#


You could see 2 bullfrogs and 2 scorpions.

Vanquished Creatures
  Maggie (D:6)
  Prince Ribbit (D:6)
  A steam dragon (D:8)
  A water moccasin (D:8)
  Edmund (D:6)
  An orc warrior (D:7)
  Duvessa (D:5)
  2 sky beasts (D:5)
  3 ice beasts
  A black bear (D:6)
  2 centaurs
  4 ogres
  A bullfrog (D:8)
  A gnoll sergeant (D:7)
  Dowan (D:5)
  A water moccasin skeleton (D:5)
  12 wights
  2 bullfrog zombies
  4 hounds
  2 quasits (D:6)
  A jelly (D:5)
  9 orc priests
  A bullfrog skeleton (D:6)
  2 worker ants
  Natasha (thrice) (D:4 D:3)
  4 orc wizards
  2 hound skeletons
  Robin (D:3)
  8 gnolls
  8 adders
  A river rat (D:3)
  2 white imps
  2 ufetubi
  2 oozes
  An adder skeleton (D:4)
  2 worms
  2 dart slugs (D:1)
  2 leopard geckos
  19 orcs
  8 giant cockroaches
  14 hobgoblins
  3 jackals (D:3)
  4 quokkas
  2 ball pythons (D:3)
  5 bats
  3 frilled lizards (D:1)
  16 goblins
  10 kobolds
  4 rats
184 creatures vanquished.

Vanquished Creatures (others)
  A human (D:4)
  11 fungi (D:8)
  31 plants
43 creatures vanquished.

Grand Total: 227 creatures vanquished

Notes
Turn   | Place    | Note
-------+----------+-------------------------------------------
     0 | D:1      | MercyWheel the Octopode Wanderer began the quest for the
                  | Orb.
     0 | D:1      | MercyWheel set off with the following items: a +0 dagger, a
                  | potion of lignification, a +0 kite shield; and the
                  | following spell memorised: Freeze; and the following spells
                  | available to memorise: Ozocubu's Armour
     0 | D:1      | Reached XP level 1. HP: 14/14 MP: 3/3
    47 | D:1      | Reached skill level 1 in Stealth
   415 | D:1      | Reached XP level 2. HP: 19/19 MP: 5/5
   814 | D:1      | Reached XP level 3. HP: 16/24 MP: 6/6
  1316 | D:2      | Reached skill level 1 in Short Blades
  1328 | D:2      | Found a shadowy altar of Dithmenos.
  1394 | D:2      | HP: 1/24 [poisoned by an adder]
  1691 | D:2      | Reached XP level 4. HP: 29/29 MP: 7/7
  2441 | D:3      | Reached XP level 5. HP: 34/34 MP: 8/8
  2759 | D:3      | Found a shimmering altar of Xom.
  2974 | D:3      | Reached skill level 1 in Dodging
  3325 | D:3      | Found an opulent altar of Gozag.
  3335 | D:3      | Became a worshipper of Gozag Ym Sagoz the Greedy
  3533 | D:4      | Reached XP level 6. HP: 39/39 MP: 9/9
  3637 | D:4      | Noticed Natasha
  3642 | D:4      | Killed Natasha
  4009 | D:4      | Noticed Robin
  4136 | D:3      | Killed Robin
  4424 | D:4      | Reached XP level 7. HP: 43/45 MP: 10/10
  4461 | D:4      | Found an iron altar of Okawaru.
  4565 | D:4      | Found an ancient bone altar of Kikubaaqudgha.
  4568 | D:4      | Noticed a human
  4569 | D:4      | Killed a human
  4598 | D:4      | Noticed Natasha
  4613 | D:3      | Killed Natasha
  4980 | D:3      | Noticed Natasha
  4986 | D:3      | Killed Natasha
  5009 | D:5      | Entered Level 5 of the Dungeon
  5607 | D:5      | Reached XP level 8. HP: 43/50 MP: 11/11
  5607 | D:5      | Found a staircase to the Ecumenical Temple.
  5940 | D:5      | Reached skill level 5 in Shields
  6194 | D:4      | Learned a level 3 spell: Ozocubu's Armour
  6207 | D:5      | Found a white marble altar of Elyvilon.
  6274 | D:5      | Noticed Duvessa
  6279 | D:5      | Noticed Dowan
  6376 | D:5      | Killed Duvessa
  6377 | D:5      | Reached skill level 1 in Ice Magic
  6471 | D:5      | Killed Dowan
  6841 | D:6      | Noticed Maggie
  7104 | D:6      | Noticed an oklob plant
  7290 | D:6      | Reached XP level 9. HP: 53/54 MP: 12/12
  7348 | D:6      | Killed Maggie
  7349 | D:6      | Reached skill level 5 in Short Blades
  7535 | D:6      | Noticed Edmund
  7537 | D:6      | Killed Edmund
  7538 | D:6      | Reached skill level 5 in Dodging
  7538 | D:6      | Noticed Prince Ribbit
  7563 | D:6      | Killed Prince Ribbit
  8170 | D:7      | Learned a level 4 spell: Cause Fear
  8409 | D:7      | Found Qoiguf's Lightly-Used Armoury.
  8541 | D:7      | Reached skill level 5 in Stealth
  8554 | D:7      | Reached skill level 1 in Hexes
  8758 | D:7      | Found Meoz's Distillery.
  9074 | D:8      | Reached XP level 10. HP: 63/63 MP: 16/16
  9191 | D:8      | Got a translucent whip
  9192 | D:8      | Identified the cursed +2 whip "Hilyuts" {vorpal, rF+ Will+}
                  | (You found it on level 8 of the Dungeon)
  9217 | D:8      | Found Uqabydeb's Assorted Antiques.
  9542 | D:8      | Reached skill level 5 in Hexes
  9546 | D:8      | HP: 1/63 [bullfrog (4)]
  9546 | D:8      | Slain by a bullfrog

Illustrated notes

Levels and vault maps discovered:
D:1:      dpeg_arrival_boxorama, layout_loops_ring, minmay_small_reverse_x
D:2:      layout_rooms, general_overflow_altar, minmay_misc_feat_chi,
          st_stairs_2, chequers_serial_rivers_small_b, serial_bayou_crossing,
          uniq_crazy_yiuf_cottage
D:3:      layout_basic, overflow_temple_1_default,
          nicolae_overflow_hidden_temple, portal_sewer_entry_a
D:4:      layout_rooms, kennysheep_mini, tgw_kikubaaqudgha, uniq_natasha,
          uniq_robin
D:5:      layout_loops_ring, kennysheep_little_box, minmay_temple_entry_slanted,
          uniq_duvessa
D:6:      layout_basic, minitemple, lemuel_oklob_altar, uniq_maggie,
          uniq_prince_ribbit1, uniq_edmund
D:7:      lemuel_ice_spiral_2, layout_rooms, serial_shops, shop,
          minmay_shop_damaged
D:8:      layout_basic, due_lair_maze_entry_diamond, serial_shops, shop,
          trog_book, uniq_grum

Skill      XL: |  1  2  3  4  5  6  7  8  9 10 |
---------------+-------------------------------+-----
Stealth        | 2 3 4 5 |  5.1
Short Blades   | 1 3 4 5 |  5.3
Dodging        | 2 4 6 |  6.0
Evocations     | 2 4 |  4.0
Shields        | 3 6 |  6.5
Ice Magic      | 4 |  4.0
Fighting       | 3 |  3.3
Spellcasting   | 4 |  4.0
Hexes          | 2 5 |  5.1
Maces & Flails | |  1.0
Earth Magic    | |  2.0
Poison Magic   | |  1.2

Action                   |  1- 3 |  4- 6 |  7- 9 | 10-12 || total
-------------------------+-------+-------+-------+-------++-------
Melee: Dagger            |    71 |    95 |   222 |    42 ||   430
       Constrict         |    16 |    23 |    41 |    10 ||    90
       Tentacles         |     7 |    18 |    39 |    10 ||    74
Throw: Dart              |       |       |    10 |       ||    10
 Cast: Ozocubu's Armour  |       |       |     3 |     2 ||     5
Evoke: Wand              |       |     1 |     4 |       ||     5
  Use: Scroll            |       |     6 |    10 |     1 ||    17
       Potion            |       |     3 |     4 |     1 ||     8
 Stab: Sleeping          |    10 |     4 |    10 |     2 ||    26
       Distracted        |       |       |     2 |     1 ||     3
Armor: Skin              |     4 |     4 |     8 |     1 ||    17
Dodge: Dodged            |    38 |    47 |    86 |    16 ||   187
Block: Kite shield       |       |       |    55 |    20 ||    75
